 Dungeon Crawl Stone Soup version 0.30-a0-743-gbfdf073431 (webtiles) character file.

Game seed: 12019204699554512860

17343 epen the Fighter (level 12, -4/100 HPs)
             Began as a Gnoll Wanderer on Feb 7, 2023.
             Was a High Priest of Makhleb.
             Slain by a 12-headed hydra (10 damage)
             ... on level 1 of the Lair of Beasts.
             The game lasted 00:18:31 (11234 turns).

epen the Fighter (Gnoll Wanderer)                  Turns: 11234, Time: 00:18:32

Health: -4/100     AC: 12    Str: 26    XL:     12   Next: 47%
Magic:  23/23      EV: 13    Int:  8    God:    Makhleb [*****.]
Gold:   765        SH:  0    Dex:  9    Spells: 23/26 levels left

rFire   . . .      SeeInvis .    I - +10 sling "Plog" {elec, rN+ Str+3}
rCold   . . .      Faith    +    (no shield)
rNeg    + . .      Spirit   .    A - +0 troll leather armour
rPois   +          Reflect  .    L - +1 hat
rElec   .          Harm     .    n - +1 cloak
rCorr   .          Rampage  .    (no gloves)
Will    .....                    (no boots)
Stlth   +++                      k - amulet of faith
HPRegen 1.16/turn                f - +4 ring of protection
MPRegen 0.18/turn                J - ring of poison resistance

@: about to teleport
A: fangs 1, strong nose, distributed training
a: Renounce Religion, Minor Destruction, Lesser Servant of Makhleb, Major
Destruction, Greater Servant of Makhleb


You were on level 1 of the Lair of Beasts.
You worshipped Makhleb.
Makhleb was extremely pleased with you.
You visited 2 branches of the dungeon, and saw 11 of its levels.

You collected 765 gold pieces.

Inventory:

Hand Weapons
 a - a +4 spear of chaos
 r - a +0 trident
 I - the +10 sling "Plog" (weapon) {elec, rN+ Str+3}
   (You found it on level 9 of the Dungeon)

   Str:       It affects your strength (+3).
   rN:        It protects you from negative energy.
Armour
 b - a +0 ring mail
 n - a +1 cloak (worn)
 s - a +0 scale mail
 u - a +1 leather armour of willpower
 A - a +0 troll leather armour (worn)
 L - a +1 hat (worn)
Jewellery
 f - a +4 ring of protection (left hand)
 k - an amulet of faith (around neck)
 B - a ring of magical power
 D - a +5 ring of evasion
 E - a ring of magical power
 F - a ring of resist corrosion
 G - an amulet of the acrobat
 H - a ring of see invisible
 J - a ring of poison resistance (right hand)
 M - a ring of fire
Wands
 v - a wand of flame (36)
 y - a wand of charming (15)
 N - a wand of mindburst (3)
Scrolls
 c - a scroll of teleportation
 j - a scroll of vulnerability
 o - 2 scrolls of magic mapping
 q - a scroll of enchant weapon
 C - 2 scrolls of brand weapon
 O - a scroll of enchant armour
 P - 3 scrolls of identify
Potions
 d - 2 potions of mutation
 e - a potion of berserk rage {unknown}
 g - 2 potions of brilliance
 h - a potion of invisibility {unknown}
 i - 5 potions of curing
 l - 2 potions of might
 m - 3 potions of flight
 p - 4 potions of magic
 w - 3 potions of lignification
 x - 5 potions of attraction
 z - a potion of cancellation {unknown}
 K - a potion of resistance {unknown}


   Skills:
 + Level 11.4 Fighting
 + Level 7.6 Short Blades
 + Level 7.6 Long Blades
 + Level 7.6 Axes
 + Level 7.6 Maces & Flails
 + Level 10.1 Polearms
 + Level 7.6 Staves
 + Level 7.6 Ranged Weapons
 + Level 7.6 Throwing
 + Level 8.1 Armour
 + Level 7.6 Dodging
 + Level 8.0 Stealth
 + Level 7.6 Shields
 + Level 7.6 Unarmed Combat
 + Level 7.6 Spellcasting
 + Level 6.3 Conjurations
 + Level 6.3 Hexes
 + Level 6.3 Summonings
 + Level 6.3 Necromancy
 + Level 6.3 Translocations
 + Level 6.3 Transmutations
 + Level 6.3 Fire Magic
 + Level 6.3 Ice Magic
 + Level 6.3 Air Magic
 + Level 6.3 Earth Magic
 + Level 6.3 Poison Magic
 + Level 8.8 Invocations
 + Level 7.6 Evocations


You had 23 spell levels left.
You knew the following spells:

 Your Spells              Type           Power      Damage    Failure   Level
a - Frozen Ramparts       Ice            26%        1d4       4%          3

Your spell library contained the following spells:

 Spells                   Type           Power      Damage    Failure   Level
 Beastly Appendage        Tmut           26%        N/A       1%          1
 Freeze                   Ice            52%        1d6       1%          1
 Magic Dart               Conj           52%        1d5       1%          1
 Shock                    Conj/Air       52%        1d6       1%          1
 Call Imp                 Summ           13%        N/A       2%          2
 Ensorcelled Hibernation  Hex/Ice        26%        N/A       2%          2
 Lesser Beckoning         Tloc           26%        N/A       2%          2
 Wereblood                Tmut           13%        N/A       2%          2
 Gell's Gravitas          Tloc           13%        N/A       4%          3
 Hailstorm                Conj/Ice       13%        3d5       4%          3
 Ignite Poison            Fire/Tmut/Pois 13%        N/A       4%          3
 Inner Flame              Hex/Fire       13%        N/A       4%          3
 Mephitic Cloud           Conj/Pois/Air  13%        N/A       4%          3
 Portal Projectile        Hex/Tloc       26%        N/A       4%          3
 Spider Form              Tmut/Pois      13%        N/A       4%          3
 Summon Guardian Golem    Hex/Summ       13%        N/A       4%          3
 Swiftness                Air            13%        N/A       4%          3
 Teleport Other           Tloc           13%        N/A       4%          3
 Tukima's Dance           Hex            13%        N/A       4%          3
 Airstrike                Air            6%         2d(1-17)  17%         4
 Anguish                  Hex/Necr       6%         N/A       17%         4
 Sticky Flame             Conj/Fire      13%        2d4       17%         4
 Summon Ice Beast         Ice/Summ       13%        N/A       17%         4
 Blade Hands              Tmut           6%         N/A       43%         5
 Ignition                 Fire           6%         3d4       100%        8


Dungeon Overview and Level Annotations

Branches:
Dungeon (10/15)            Temple (0/1) D:6            Lair (1/5) D:8
    Orc (0/2) D:10

Altars:
Cheibriados
Dithmenos
Hepliaklqana
Makhleb
Ru
Sif Muna
Uskayaw
Xom
Zin

Shops:
D:5 *   D:7 ?

Annotations:
D:3 1 runed translucent door, Crazy Yiuf
D:8 1 runed translucent door, MCDelver's ghost, novice OpFE
D:10 2 transporters
Lair:1 Uhykki's ghost, journeyman DjFE


Innate Abilities, Weirdness & Mutations

You have very sharp teeth.
Your uncanny sense of smell can sniff out nearby items.
Your experience applies equally to all skills.


Message History

As you read the scroll of teleportation, it crumbles to dust.
You feel strangely unstable. The 12-headed hydra bites you.
* * * LOW HITPOINT WARNING * * *
The 12-headed hydra bites you but does no damage.
The 12-headed hydra closely misses you.
The 12-headed hydra bites you but does no damage.
The 12-headed hydra bites you.
* * * LOW HITPOINT WARNING * * *
The 12-headed hydra barely misses you. The 12-headed hydra closely misses you.
The 12-headed hydra barely misses you. The 12-headed hydra bites you.
* * * LOW HITPOINT WARNING * * *
The 12-headed hydra bites you but does no damage.
The 12-headed hydra bites you!
* * * LOW HITPOINT WARNING * * *
The 12-headed hydra bites you but does no damage.
Uhykki's ghost hits you but does no damage.
Your blizzard demon gestures at the 12-headed hydra.
The freezing blast engulfs the 12-headed hydra!
Your blizzard demon's attack snaps the 12-headed hydra out of its fear.
Uhykki's ghost attacks as you move away!
Uhykki's ghost barely misses you.
Found 9 stones.
The 12-headed hydra is engulfed in freezing vapours.
The 12-headed hydra seems to slow down.
The 12-headed hydra is engulfed in freezing vapours.
The 12-headed hydra seems to slow down.
The 12-headed hydra dies!
Makhleb accepts your kill.
Your Stealth skill increases to level 8!
Your surroundings seem slightly different.
As you read the scroll of teleportation, it crumbles to dust.
You feel strangely unstable.
Uhykki's ghost casts a spell.
Uhykki's ghost hits something.
The white imp hits your blizzard demon but does no damage.
The 12-headed hydra attacks as you move away!
The 12-headed hydra barely misses you. The 12-headed hydra bites you.
* * * LOW HITPOINT WARNING * * *
The 12-headed hydra bites you but does no damage.
The 12-headed hydra bites you!
You die...

#.#............
..#.###...#####.### ....#
#.######....## ....#
#.###........# ....#
#.#.P.......# P.###
#.##....(...#
#..####.#...(.(...#
.........#........#
...............D@.#
.........#......P##
..†.........52####
............W.#################
..†..........##PPP##..........#
.........P#.2#....♣##~~~~†~~..#
.....[...##..'...:$)####~#~~..#
.............'.○○.☼P ###~~..#
.PPPPPPP..#..'.○°○.♣######~~..#


You could see a 12-headed hydra, Uhykki's ghost (ally target), a white imp
(summoned) and a friendly blizzard demon (summoned).

Vanquished Creatures
  Gastronok (D:9)
  A hydra (D:9)
  A two-headed ogre (D:9)
  2 boulder beetles
  A gargoyle (D:10)
  A cane toad (Lair:1)
  A komodo dragon (Lair:1)
  2 trolls
  Grinder (D:4)
  Sigmund (D:3)
  A shadow (D:10)
  A wyvern (D:9)
  A vampire (D:10)
  6 yaks
  A basilisk (Lair:1)
  A steam dragon (D:4)
  An acid dragon (D:9)
  4 water moccasins
  8 orc warriors
  4 sky beasts
  2 ice beasts
  A black bear (D:5)
  4 wolves (Lair:1)
  4 centaurs
  2 kobold brigands
  2 bullfrogs (Lair:1)
  4 scorpions
  8 wights
  25 killer bees
  4 howler monkeys
  A jelly (D:3)
  6 hounds
  2 gnoll boudas
  8 orc priests
  Terence (D:3)
  5 iguanas
  4 orc wizards
  11 gnolls
  9 adders
  A river rat (D:7)
  2 shadow imps
  4 worms
  7 dart slugs
  33 orcs
  3 bats
  6 endoplasms
  4 giant cockroaches
  7 hobgoblins
  3 jackals (D:4)
  12 kobolds
  3 quokkas
  7 ball pythons
  4 frilled lizards
  6 goblins
  5 rats (D:2)
250 creatures vanquished.

Vanquished Creatures (collateral kills)
  A hydra (Lair:1)
  A centaur warrior (D:9)
  A two-headed ogre (D:9)
  3 death yaks (Lair:1)
  A komodo dragon (Lair:1)
  Maggie (Lair:1)
  An efreet (D:9)
  A troll (D:9)
  A slime creature (D:9)
  4 yaks
  A wyvern (D:9)
  An acid dragon (D:9)
  A water moccasin (Lair:1)
  An orc warrior (D:10)
  A kobold brigand (D:9)
  A scorpion (Lair:1)
  2 bullfrogs (Lair:1)
  A wight (D:9)
  An orc wizard (D:9)
  An orc (D:10)
26 creatures vanquished.

Vanquished Creatures (others)
  A boulder beetle (D:9)
  2 yaks (D:9)
  A fungus (Lair:1)
  4 plants
8 creatures vanquished.

Grand Total: 284 creatures vanquished

Notes
Turn   | Place    | Note
-------+----------+-------------------------------------------
     0 | D:1      | epen the Gnoll Wanderer began the quest for the Orb.
     0 | D:1      | epen set off with the following items: a +3 spear, a +0
                  | ring mail, a scroll of blinking.
     0 | D:1      | Reached XP level 1. HP: 26/26 MP: 2/2
   125 | D:1      | Reached XP level 2. HP: 31/33 MP: 3/3
   611 | D:2      | Reached XP level 3. HP: 38/38 MP: 4/4
   613 | D:2      | You fall into a shaft and drop 1 floor!
   633 | D:3      | Found a runed translucent door.
   634 | D:3      | Noticed Crazy Yiuf
   680 | D:3      | Found a burning altar of Makhleb.
   689 | D:3      | Became a worshipper of Makhleb the Destroyer
   800 | D:3      | Reached skill level 1 in Short Blades
   800 | D:3      | Reached skill level 1 in Long Blades
   800 | D:3      | Reached skill level 1 in Axes
   800 | D:3      | Reached skill level 1 in Maces & Flails
   800 | D:3      | Reached skill level 1 in Staves
   800 | D:3      | Reached skill level 1 in Ranged Weapons
   800 | D:3      | Reached skill level 1 in Throwing
   800 | D:3      | Reached skill level 1 in Dodging
   800 | D:3      | Reached skill level 1 in Shields
   800 | D:3      | Reached skill level 1 in Unarmed Combat
   800 | D:3      | Reached skill level 1 in Spellcasting
   800 | D:3      | Reached skill level 1 in Evocations
   807 | D:3      | Reached XP level 4. HP: 40/45 MP: 4/6
   815 | D:3      | Reached skill level 1 in Conjurations
   815 | D:3      | Reached skill level 1 in Hexes
   815 | D:3      | Reached skill level 1 in Summonings
   815 | D:3      | Reached skill level 1 in Necromancy
   815 | D:3      | Reached skill level 1 in Translocations
   815 | D:3      | Reached skill level 1 in Transmutations
   815 | D:3      | Reached skill level 1 in Fire Magic
   815 | D:3      | Reached skill level 1 in Ice Magic
   815 | D:3      | Reached skill level 1 in Air Magic
   815 | D:3      | Reached skill level 1 in Earth Magic
   815 | D:3      | Reached skill level 1 in Poison Magic
   944 | D:3      | Noticed Sigmund
  1202 | D:3      | Reached XP level 5. HP: 37/51 MP: 7/7
  1340 | D:3      | Noticed Terence
  1353 | D:3      | Killed Terence
  1615 | D:2      | Reached * piety under Makhleb
  2255 | D:3      | Found a snail-covered altar of Cheibriados.
  2382 | D:3      | Killed Sigmund
  2383 | D:3      | Reached XP level 6. HP: 57/57 MP: 7/9
  2829 | D:4      | Noticed a steam dragon
  2882 | D:4      | Noticed Grinder
  2882 | D:4      | Paralysed by Grinder for 2 turns
  2894 | D:4      | Killed Grinder
  2895 | D:4      | Reached XP level 7. HP: 63/63 MP: 10/10
  3083 | D:4      | Reached skill level 9 in Fighting
  3138 | D:4      | Reached ** piety under Makhleb
  3145 | D:4      | Found a hazy altar of Hepliaklqana.
  3145 | D:4      | Found a shadowy altar of Dithmenos.
  3147 | D:4      | Noticed a shadow
  3566 | D:4      | Killed a steam dragon
  3567 | D:4      | Reached XP level 8. HP: 40/71 MP: 12/12
  3891 | D:5      | Entered Level 5 of the Dungeon
  4399 | D:5      | Found Kytu's General Store.
  4679 | D:6      | Found a staircase to the Ecumenical Temple.
  4690 | D:6      | Reached *** piety under Makhleb
  4898 | D:6      | Reached skill level 5 in Invocations
  4926 | D:6      | Reached XP level 9. HP: 23/77 MP: 14/14
  5325 | D:6      | Found a shimmering altar of Xom.
  5343 | D:6      | Found a hide-covered altar of Uskayaw.
  5645 | D:7      | Reached skill level 5 in Armour
  5653 | D:7      | Learned a level 3 spell: Frozen Ramparts
  5678 | D:7      | HP: 1/70 [wight/+0 great sword (12)]
  5689 | D:7      | Reached skill level 5 in Stealth
  5891 | D:7      | Found Qairphu's Magic Scroll Shop.
  5943 | D:7      | Found a sacrificial altar of Ru.
  6362 | D:7      | Reached **** piety under Makhleb
  6439 | D:7      | Found a shimmering blue altar of Sif Muna.
  7064 | D:8      | Found a staircase to the Lair.
  7070 | D:8      | Reached skill level 5 in Short Blades
  7070 | D:8      | Reached skill level 5 in Long Blades
  7070 | D:8      | Reached skill level 5 in Axes
  7070 | D:8      | Reached skill level 5 in Maces & Flails
  7070 | D:8      | Reached skill level 5 in Staves
  7070 | D:8      | Reached skill level 5 in Ranged Weapons
  7070 | D:8      | Reached skill level 5 in Throwing
  7070 | D:8      | Reached skill level 5 in Dodging
  7070 | D:8      | Reached skill level 5 in Shields
  7070 | D:8      | Reached skill level 5 in Unarmed Combat
  7070 | D:8      | Reached skill level 5 in Spellcasting
  7070 | D:8      | Reached skill level 5 in Evocations
  7070 | D:8      | Reached XP level 10. HP: 85/85 MP: 17/17
  7086 | D:8      | Found a runed translucent door.
  7134 | D:8      | Reached skill level 10 in Fighting
  7819 | D:8      | Noticed MCDelver's ghost (novice OpFE)
  8005 | D:9      | Noticed a two-headed ogre
  8019 | D:9      | Reached ***** piety under Makhleb
  8048 | D:9      | Killed a two-headed ogre
  8247 | D:9      | Noticed a boulder beetle
  8247 | D:9      | Noticed a boulder beetle
  8264 | D:9      | Noticed a two-headed ogre
  8273 | D:9      | Killed a two-headed ogre
  8314 | D:9      | Identified the +1 robe of Ufuiruc {rC+}
  8314 | D:9      | Noticed a centaur warrior
  8318 | D:9      | Noticed an eight-headed hydra
  8332 | D:9      | Killed a centaur warrior
  8333 | D:9      | Reached skill level 5 in Conjurations
  8333 | D:9      | Reached skill level 5 in Hexes
  8333 | D:9      | Reached skill level 5 in Summonings
  8333 | D:9      | Reached skill level 5 in Necromancy
  8333 | D:9      | Reached skill level 5 in Translocations
  8333 | D:9      | Reached skill level 5 in Transmutations
  8333 | D:9      | Reached skill level 5 in Fire Magic
  8333 | D:9      | Reached skill level 5 in Ice Magic
  8333 | D:9      | Reached skill level 5 in Air Magic
  8333 | D:9      | Reached skill level 5 in Earth Magic
  8333 | D:9      | Reached skill level 5 in Poison Magic
  8333 | D:9      | Reached XP level 11. HP: 92/92 MP: 18/20
  8340 | D:9      | Killed an eight-headed hydra
  8526 | D:9      | Identified the +10 sling "Plog" {elec, rN+ Str+3}
  8531 | D:9      | Got the Opusculum on Snow-white Obstruction
  9004 | D:9      | Killed a boulder beetle
  9157 | D:9      | Noticed Gastronok
  9169 | D:9      | Killed Gastronok
  9633 | D:10     | Entered Level 10 of the Dungeon
  9726 | D:10     | Found a transporter.
  9726 | D:10     | Noticed an orc sorcerer
  9830 | D:10     | Found a transporter.
  9835 | D:10     | Noticed an orc sorcerer
  9882 | D:10     | Found a glowing silver altar of Zin.
 10058 | D:10     | Found a staircase to the Orcish Mines.
 10504 | D:10     | Reached skill level 11 in Fighting
 10641 | Lair:1   | Entered Level 1 of the Lair of Beasts
 10923 | Lair:1   | Reached XP level 12. HP: 49/100 MP: 22/22
 10971 | Lair:1   | Noticed a death yak
 10971 | Lair:1   | Noticed a death yak
 10975 | Lair:1   | Noticed a death yak
 10976 | Lair:1   | Killed a death yak
 10978 | Lair:1   | Killed a death yak
 10980 | Lair:1   | Killed a death yak
 11051 | Lair:1   | Noticed Maggie
 11055 | Lair:1   | Killed Maggie
 11070 | Lair:1   | Reached skill level 10 in Polearms
 11093 | Lair:1   | Found a runed translucent gate.
 11093 | Lair:1   | Found a runed translucent gate.
 11095 | Lair:1   | Noticed a 12-headed hydra
 11096 | Lair:1   | Noticed Uhykki's ghost (journeyman DjFE)
 11098 | Lair:1   | Found a runed translucent gate.
 11138 | Lair:1   | Noticed a boulder beetle
 11149 | Lair:1   | Killed a boulder beetle
 11213 | Lair:1   | Noticed a 12-headed hydra
 11227 | Lair:1   | HP: 2/100 [12-headed hydra (7)]
 11229 | Lair:1   | Killed a 12-headed hydra
 11234 | Lair:1   | Slain by a 12-headed hydra

Illustrated notes

Levels and vault maps discovered:
D:1:      dpeg_chamrin_arrival_tetris, layout_rooms
D:2:      layout_basic
D:3:      layout_basic, lemuel_tele_altar, lemuel_crystal_altar, uniq_sigmund,
          uniq_crazy_yiuf_cottage, uniq_terence
D:4:      layout_rooms, riverfiend_overflow_shadow_ancestor,
          minmay_starry_boxes, uniq_grinder
D:5:      kennysheep_slugbush, layout_loops_ring, serial_shops,
          nicolae_shop_trees, minmay_misc_feat_diagonals
D:6:      layout_loops_ring, lemuel_doored_altar, xom_teletrap_fun,
          minmay_temple_entry_sparse_star
D:7:      layout_basic, old_standard_altar, led_sif_book, serial_shops,
          nicolae_stop_n_shop_2, serial_corexii_hall, corexii_hall_statues_l,
          corexii_hall_statues_l, corexii_hall_statues_i
D:8:      layout_rooms, lair_entry_dummy, ebering_ghost_inner_flame,
          serial_bayou_pond_b
D:9:      minmay_the_grid_triangle_9x9_recursive_2
          [minmay_the_grid_triangle_9x9_prize_center,
          minmay_the_grid_triangle_9x9_corrupted_corridor,
          minmay_the_grid_triangle_9x9_cache,
          minmay_the_grid_triangle_9x9_skeleton], layout_basic, st_stairs_3,
          uniq_gastronok
D:10:     gammafunk_wand_slinger, layout_basic, zin_statuary, david_orc_2,
          chequers_mini_garden
Lair:1:   cheibrodos_lair_river_kwai, layout_gridlike,
          gammafunk_ghost_hydra_chop, lemuel_fruit_tree, uniq_maggie

Skill      XL: |  1  2  3  4  5  6  7  8  9 10 11 12 |
---------------+-------------------------------------+-----
Short Blades   | 1 2 3 5 6 7 |  7.6
Long Blades    | 1 2 3 5 6 7 |  7.6
Axes           | 1 2 3 5 6 7 |  7.6
Maces & Flails | 1 2 3 5 6 7 |  7.6
Staves         | 1 2 3 5 6 7 |  7.6
Ranged Weapons | 1 2 3 5 6 7 |  7.6
Throwing       | 1 2 3 5 6 7 |  7.6
Dodging        | 1 2 3 5 6 7 |  7.6
Shields        | 1 2 3 5 6 7 |  7.6
Unarmed Combat | 1 2 3 5 6 7 |  7.6
Spellcasting   | 1 2 3 5 6 7 |  7.6
Evocations     | 1 2 3 5 6 7 |  7.6
Conjurations   | 1 2 3 4 5 6 |  6.3
Hexes          | 1 2 3 4 5 6 |  6.3
Summonings     | 1 2 3 4 5 6 |  6.3
Necromancy     | 1 2 3 4 5 6 |  6.3
Translocations | 1 2 3 4 5 6 |  6.3
Transmutations | 1 2 3 4 5 6 |  6.3
Fire Magic     | 1 2 3 4 5 6 |  6.3
Ice Magic      | 1 2 3 4 5 6 |  6.3
Air Magic      | 1 2 3 4 5 6 |  6.3
Earth Magic    | 1 2 3 4 5 6 |  6.3
Poison Magic   | 1 2 3 4 5 6 |  6.3
Invocations    | 3 4 5 6 7 8 |  8.8
Armour         | 3 4 5 6 7 8 |  8.1
Stealth        | 3 4 5 6 7 8 |  8.0
Polearms       | 7 8 9 10 | 10.1
Fighting       | 9 10 11 | 11.4

Action                     |  1- 3 |  4- 6 |  7- 9 | 10-12 || total
---------------------------+-------+-------+-------+-------++-------
  Melee: Spear             |    56 |   124 |   554 |   148 ||   882
         Bite              |     5 |    11 |    53 |    11 ||    80
         Punch             |       |     2 |    12 |     3 ||    17
   Fire: Sling             |       |       |       |   284 ||   284
   Cast: Frozen Ramparts   |       |       |     3 |       ||     3
 Invoke: Greater Servant o |       |       |       |     2 ||     2
  Evoke: Wand              |       |       |       |    20 ||    20
    Use: Scroll            |       |     1 |    18 |     7 ||    26
         Potion            |       |     1 |     3 |       ||     4
   Stab: Sleeping          |     1 |     1 |     4 |       ||     6
         Distracted        |       |       |     1 |     3 ||     4
         Petrified         |       |       |     1 |       ||     1
 Armour: Ring mail         |    14 |    10 |       |       ||    24
         Leather armour    |       |    12 |   122 |    59 ||   193
         Troll leather arm |       |       |       |    53 ||    53
  Dodge: Dodged            |    14 |    35 |   269 |   290 ||   608

Table legend: (Time is in decaauts)
 A = Elapsed time spent in this place.
 B = Non-inter-level travel time spent in this place.
 C = Inter-level travel time spent in this place.
 D = Time resting spent in this place.
 E = Time spent auto-exploring this place.
 F = Levels seen in this place.
 G = Mean time per level.
                   A        B        C        D        E       F      G
               +--------+--------+--------+--------+--------+-----+--------+
         Total |  11019 |  10603 |    416 |   1048 |   7542 |  11 | 1001.7 |
       Dungeon |  10501 |  10086 |    415 |   1048 |   7215 |  10 | 1050.1 |
          Lair |    518 |    518 |      0 |      0 |    327 |   1 |  518.0 |
               +--------+--------+--------+--------+--------+-----+--------+

Top non-repeatable levels by time:
     D:9: 1798 daAuts
     D:3: 1470 daAuts
     D:7: 1346 daAuts
     D:4: 997 daAuts
    D:10: 970 daAuts
     D:8: 930 daAuts
     D:6: 917 daAuts
     D:2: 741 daAuts
     D:5: 732 daAuts
     D:1: 595 daAuts
  Lair:1: 518 daAuts
